 Dungeon Crawl Stone Soup version 0.29-a0-993-g4a18f31a58 (webtiles) character file.

Game seed: 14305066854603598117

5390 ICEMaiden the Magician (level 10, -5/56 HPs)
             Began as a Deep Elf Hedge Wizard on July 28, 2022.
             Was a Believer of Sif Muna.
             Slain by a seven-headed hydra (7 damage)
             ... on level 1 of the Lair of Beasts on Aug 2, 2022.
             The game lasted 00:57:29 (11997 turns).

ICEMaiden the Magician (Deep Elf Hedge Wizard)     Turns: 11997, Time: 00:57:30

Health: -5/56      AC:  5    Str: 11    XL:     10   Next: 39%
Magic:  21/21      EV: 15    Int: 20    God:    Sif Muna [**....]
Gold:   515        SH:  0    Dex: 14    Spells: 9/22 levels left

rFire   + . .      SeeInvis .   a - +5 dagger (venom)
rCold   x . .      Faith    .   (no shield)
rNeg    . . .      Spirit   .   j - +0 robe
rPois   .          Reflect  .   f - +0 helmet
rElec   .          Harm     .   P - +0 cloak
rCorr   +          Rampage  .   k - +0 pair of gloves
Will    +....                   (no boots)
Stlth   ++........              l - amulet of regeneration
HPRegen 0.98/turn               N - ring of resist corrosion
MPRegen 0.17/turn               H - ring of fire

@: studying Staves
A: no striking features
a: Renounce Religion, Channel Magic


You were on level 1 of the Lair of Beasts.
You worshipped Sif Muna.
Sif Muna was pleased with you.
You visited 3 branches of the dungeon, and saw 12 of its levels.

You collected 551 gold pieces.
You spent 36 gold pieces at shops.

Inventory:

Hand Weapons
 a - a +5 dagger of venom (weapon)
 w - a +2 long sword of holy wrath
Missiles
 x - a throwing net
Armour
 f - a +0 helmet (worn)
 j - a +0 robe (worn)
 k - a +0 pair of gloves (worn)
 P - a +0 cloak (worn)
Magical Staves
 b - a staff of conjuration
 c - a staff of death
Jewellery
 l - an amulet of regeneration (around neck)
 H - a ring of fire (right hand)
 N - a ring of resist corrosion (left hand)
Wands
 e - a wand of paralysis (8)
 u - a wand of polymorph (8)
 y - a wand of roots (6)
 M - a wand of flame (29)
Scrolls
 g - 3 scrolls of blinking {unknown}
 i - a scroll of immolation {unknown}
 n - 7 scrolls of identify
 o - 2 scrolls of magic mapping {unknown}
 q - 2 scrolls of vulnerability {unknown}
 t - a scroll of fog {unknown}
 B - a scroll of brand weapon {unknown}
 D - a scroll of summoning {unknown}
 E - a scroll of poison {unknown}
 F - a scroll of amnesia {unknown}
 G - 7 scrolls of teleportation
 I - a scroll of noise {unknown}
 L - a scroll of enchant armour {unknown}
Potions
 d - a potion of magic
 h - 2 potions of lignification {unknown}
 m - 4 potions of mutation {unknown}
 p - 2 potions of flight {unknown}
 r - 2 potions of degeneration {unknown}
 s - a potion of haste {unknown}
 v - a potion of brilliance {unknown}
 z - a potion of might {unknown}
 A - 2 potions of curing
 C - a potion of invisibility {unknown}
 J - a potion of resistance
 K - a potion of berserk rage {unknown}
 O - a potion of heal wounds {unknown}


   Skills:
 * Level 3.9 Fighting
 + Level 0.9 Short Blades
 - Level 0.6 Armour
 * Level 6.5 Dodging
 + Level 3.6 Stealth
 + Level 6.5 Spellcasting
 - Level 5.0 Conjurations
 + Level 4.2 Hexes
 + Level 4.0 Summonings
 + Level 3.6 Necromancy
 + Level 3.7 Translocations
 - Level 5.0 Fire Magic
 * Level 4.7 Ice Magic
 * Level 4.5 Air Magic
 + Level 3.2 Earth Magic
 - Level 5.0 Poison Magic
 + Level 1.1 Invocations
 + Level 0.4 Evocations


You had 9 spell levels left.
You knew the following spells:

 Your Spells              Type           Power      Damage    Failure   Level
a - Magic Dart            Conj           100%       1d8       1%          1
c - Mephitic Cloud        Conj/Pois/Air  25%        N/A       4%          3
q - Call Imp              Summ           22%        N/A       3%          2
v - Ensorcelled Hibernat  Hex/Ice        48%        N/A       2%          2
x - Conjure Flame         Conj/Fire      39%        6-21      3%          3
z - Blink                 Tloc           42%        N/A       3%          2

Your spell library contained the following spells:

 Spells                   Type           Power      Damage    Failure   Level
 Foxfire                  Conj/Fire      100%       2x1d9     1%          1
 Slow                     Hex            92%        N/A       1%          1
 Sandblast                Erth           38%        2d10      2%          1
 Dazzling Flash           Conj/Hex       48%        N/A       4%          3
 Inner Flame              Hex/Fire       37%        N/A       4%          3
 Stone Arrow              Conj/Erth      46%        3d9       5%          3
 Call Canine Familiar     Summ           22%        N/A       6%          3
 Portal Projectile        Hex/Tloc       44%        N/A       6%          3
 Passwall                 Tmut/Erth      10%        N/A       8%          2
 Ignite Poison            Fire/Tmut/Pois 29%        N/A       8%          3
 Spider Form              Tmut/Pois      16%        N/A       11%         3
 Flame Wave               Conj/Fire      39%        2d11      13%         4
 Summon Ice Beast         Ice/Summ       24%        N/A       16%         4
 Anguish                  Hex/Necr       11%        N/A       21%         4
 Leda's Liquefaction      Hex/Erth       10%        N/A       22%         4
 Silence                  Hex/Air        12%        N/A       41%         5
 Summon Mana Viper        Hex/Summ       23%        N/A       45%         5
 Agony                    Necr           21%        N/A       52%         5
 Monstrous Menagerie      Summ           11%        N/A       100%        7
 Ignition                 Fire           19%        3d7       100%        8


Dungeon Overview and Level Annotations

Branches:
Dungeon (10/15)            Temple (1/1) D:5            Lair (1/5) D:8
    Orc: D:9-12

Altars:
Cheibriados
Dithmenos
Elyvilon
Fedhas
Gozag
Hepliaklqana
Kikubaaqudgha
Makhleb
Nemelex Xobeh
Okawaru
Qazlal
Ru
Sif Muna
Trog
Uskayaw
Wu Jian
Xom
Yredelemnul
Zin
The Shining One

Shops:
D:2 =!

Annotations:
D:3 exclusion: downstairs
D:6 Maggie


Message History

a +0 trident; 4 poisoned darts
There is a stone staircase leading down here.
m - 4 bubbling black potions (gained 2)
You now have 503 gold pieces (gained 1).
You see here a +0 dagger.
Things that are here:
a +0 dagger; a +0 dagger You now have 515 gold pieces (gained 12).
There is an open door here.
Done exploring.
Done exploring.
(D) Dungeon (T) Temple (L) Lair
Where to? (? - help)
There is an open door here.
There is a stone staircase leading down here.
You climb downwards.
Found a short sword.
Found a stone staircase leading up.
There is a stone staircase leading up here.
You climb upwards.
There is a stone staircase leading down here.
There is an open door here.
There is a staircase to the Lair here.
You climb downwards.
Welcome back to the Lair of Beasts!
The seven-headed hydra barely misses you.
The seven-headed hydra bites you but does no damage.
The seven-headed hydra bites you! x3
* * * LOW HITPOINT WARNING * * *
The seven-headed hydra barely misses you.
The seven-headed hydra bites you!
* * * LOW HITPOINT WARNING * * *
The bullfrog misses you.
There is a staircase back to the Dungeon, spattered with blood here.
As you read the scroll labelled NOIROS VURED, it crumbles to dust.
It is a scroll of identify.
Really abort (and waste the scroll)? [Y]es or [N]o only, please.
Really abort (and waste the scroll)?
G - 7 scrolls of teleportation The bullfrog barely misses you.
The seven-headed hydra bites you!
You die...

#####...#.........##
##.##..........##
##.#...........##
##...............#
#.........)......#
###..............#
#.#...........##.#
#......#....###.##
##....F@.....#...#
#......D......#.##
#..............##
##............##
#............###
##......P#P...P#
#........#.....#
...............#
..............##


You could see a seven-headed hydra and a bullfrog.

Vanquished Creatures
  A cane toad (D:8)
  A troll (D:8)
  A hornet (D:8)
  2 wyverns
  A wraith (D:6)
  A yak (D:8)
  A basilisk (D:8)
  Menkaure (D:6)
  An orc warrior (D:7)
  2 ice beasts (D:7)
  2 sky beasts
  5 black bears
  2 centaurs
  2 wolves (Lair:1)
  3 phantoms
  3 kobold brigands
  4 bullfrogs
  7 scorpions
  5 killer bees
  A hound (D:4)
  3 iguanas
  4 orc wizards
  3 adders
  6 gnolls
  A shadow imp (D:7)
  2 white imps (D:6)
  An ufetubus (D:6)
  A worm (D:5)
  A dart slug (D:5)
  18 orcs
  4 endoplasms
  3 giant cockroaches
  2 goblins (D:3)
  6 hobgoblins
  2 quokkas (D:1)
  13 ball pythons
  4 bats
  6 frilled lizards
  20 kobolds
  8 rats
  2 butterflies (D:5)
156 creatures vanquished.

Vanquished Creatures (collateral kills)
  4 water moccasins
  An orc warrior (D:9)
  A lemure (D:5)
  A kobold brigand (D:8)
  A necrophage (D:5)
  A scorpion (D:5)
  2 hounds
  A jelly (D:8)
  A gnoll bouda (D:6)
  Ijyb (D:5)
  An orc wizard (D:5)
  An iguana (D:6)
  3 gnolls
  An adder (D:5)
  A dart slug (D:2)
  3 orcs (D:5)
  3 hobgoblins
  A quokka (D:5)
28 creatures vanquished.

Vanquished Creatures (others)
  A wizard (D:3)
  4 fungi (D:8)
  11 plants
16 creatures vanquished.

Grand Total: 200 creatures vanquished

Notes
Turn   | Place    | Note
-------+----------+-------------------------------------------
     0 | D:1      | ICEMaiden the Deep Elf Hedge Wizard began the quest for the
                  | Orb.
     0 | D:1      | Reached XP level 1. HP: 10/10 MP: 7/7
   243 | D:1      | Reached XP level 2. HP: 15/15 MP: 6/9
   587 | D:1      | Learned a level 2 spell: Blink
   590 | D:1      | Learned a level 2 spell: Call Imp
  1172 | D:1      | Reached XP level 3. HP: 20/20 MP: 8/11
  1919 | D:2      | Learned a level 3 spell: Conjure Flame
  1924 | D:2      | Learned a level 3 spell: Mephitic Cloud
  2180 | D:2      | Found Zivume Muenn's Distillery.
  2183 | D:2      | Found Apny's Jewellery Shoppe.
  2185 | D:2      | Bought a potion of curing for 36 gold pieces
  2831 | D:3      | Found a bloodstained altar of Trog.
  2834 | D:3      | Noticed a wizard
  2839 | D:3      | Killed a wizard
  2975 | D:3      | Reached XP level 4. HP: 24/24 MP: 3/12
  3414 | D:4      | Noticed a scorpion
  3623 | D:4      | Reached skill level 1 in Fighting
  3761 | D:5      | Entered Level 5 of the Dungeon
  3861 | D:5      | Reached XP level 5. HP: 29/29 MP: 1/14
  4011 | D:5      | Reached skill level 1 in Poison Magic
  4047 | D:5      | Reached skill level 1 in Fire Magic
  4047 | D:5      | Reached skill level 1 in Air Magic
  4198 | D:5      | Noticed a water moccasin
  4250 | D:4      | Found a snail-covered altar of Cheibriados.
  4269 | D:4      | Learned a level 2 spell: Ensorcelled Hibernation
  4270 | D:5      | Noticed a phantom
  4322 | D:4      | Killed a phantom
  4323 | D:4      | Reached skill level 1 in Hexes
  4323 | D:4      | Reached XP level 6. HP: 19/34 MP: 15/15
  4505 | D:4      | You fall into a shaft and drop 1 floor!
  4543 | D:5      | Found a staircase to the Ecumenical Temple.
  4544 | D:5      | Noticed Ijyb
  4559 | D:5      | Killed Ijyb
  4560 | D:5      | Reached skill level 1 in Necromancy
  4564 | Temple   | Entered the Ecumenical Temple
  4705 | Temple   | Became a worshipper of Sif Muna the Loreminder
  5116 | D:5      | Reached skill level 5 in Spellcasting
  5533 | D:4      | Found a sacrificial altar of Ru.
  5722 | D:4      | Got the Precepts of the Big Bang
  5747 | D:4      | Reached skill level 1 in Ice Magic
  5747 | D:4      | Reached XP level 7. HP: 39/39 MP: 8/16
  6060 | D:5      | Found a shimmering altar of Xom.
  7207 | D:6      | Reached skill level 1 in Earth Magic
  7397 | D:6      | Reached XP level 8. HP: 39/44 MP: 17/17
  7555 | D:6      | Noticed Maggie
  7604 | D:6      | Found a basalt altar of Yredelemnul.
  7604 | D:6      | Found a glowing golden altar of the Shining One.
  7607 | D:6      | Identified the +2 flail "Luoga" {vorpal, rPois Str+2}
  7607 | D:6      | Noticed an angel
  7695 | D:6      | Noticed Menkaure
  7702 | D:6      | Killed Menkaure
  7863 | D:6      | Found a stormy altar of Qazlal.
  8154 | D:6      | Noticed a profane servitor
  8198 | D:6      | Reached skill level 5 in Dodging
  8254 | D:7      | Reached * piety under Sif Muna
  8436 | D:7      | Reached XP level 9. HP: 49/49 MP: 10/19
  8688 | D:7      | Found an iron altar of Okawaru.
  9485 | D:7      | Found a burning altar of Makhleb.
  9503 | D:7      | Found an ancient bone altar of Kikubaaqudgha.
 10394 | D:8      | Found a staircase to the Lair.
 10443 | D:8      | Reached ** piety under Sif Muna
 10462 | D:8      | Reached skill level 5 in Conjurations
 10766 | D:10     | Entered Level 10 of the Dungeon
 10963 | D:8      | Noticed a troll
 10965 | D:8      | Found an opulent altar of Gozag.
 11150 | D:8      | Killed a troll
 11151 | D:8      | Reached XP level 10. HP: 56/56 MP: 5/21
 11466 | D:8      | Reached skill level 5 in Poison Magic
 11495 | Lair:1   | Entered Level 1 of the Lair of Beasts
 11525 | Lair:1   | Noticed a cane toad
 11577 | Lair:1   | Found a stormy altar of Qazlal.
 11616 | Lair:1   | Upgraded the game from 0.29-a0-925-g0a7a3d12f8 to
                  | 0.29-a0-993-g4a18f31a58
 11628 | Lair:1   | Noticed a cane toad
 11631 | Lair:1   | Noticed a seven-headed hydra
 11671 | D:8      | Killed a cane toad
 11688 | D:8      | Reached skill level 5 in Fire Magic
 11688 | D:8      | Reached skill level 1 in Invocations
 11996 | Lair:1   | HP: 1/56 [seven-headed hydra (12)]
 11997 | Lair:1   | Slain by a seven-headed hydra

Illustrated notes

Levels and vault maps discovered:
D:1:      eino_arrival_tree_alley, layout_loops_corners, serial_forest,
          infiniplex_forest_clump_C, infiniplex_forest_clump_small,
          infiniplex_forest_end_double, infiniplex_forest_clump_curved,
          infiniplex_forest_straight_5, infiniplex_forest_straight_2,
          infiniplex_forest_clump_medium, infiniplex_forest_fountain,
          infiniplex_forest_straight_1
D:2:      layout_loops_cross, serial_shops, nicolae_shop_waterfront, shop,
          minivault_14
D:3:      layout_basic, trog_wizard
D:4:      layout_rooms, nicolae_overflow_hidden_temple,
          nicolae_ru_path_of_blood, kennysheep_generic_room_16
D:5:      layout_cave_pods, xom_butterflies, minmay_temple_entry_mist,
          uniq_ijyb, uniq_pikel
D:6:      minmay_spotlight, layout_rooms, grunt_temple_overflow_holy_war,
          grunt_qazlal_sundering, serial_corexii_hall,
          chequers_hall_statues_corner_a, corexii_hall_statues_l,
          chequers_hall_statues_y, chequers_hall_statues_wall_a,
          corexii_hall_statues_l, corexii_hall_statues_i, minmay_crossroads,
          uniq_menkaure, uniq_maggie
D:7:      minmay_skewed_foursquare, layout_basic, okawaru_ov_weapons_minmay,
          kennysheep_mini, mainiacjoe_overflow_alcove_2
D:8:      layout_basic, nicolae_gozag_seed_capital, david_lair_generic,
          chequers_avenue
D:9:      nzn_winding_woodlands_medium [nzn_winding_woodlands_5x5_closed_star,
          nzn_winding_woodlands_5x15_default, nzn_winding_woodlands_5x5_three,
          nzn_winding_woodlands_hourglass, nzn_winding_woodlands_center_garden,
          nzn_winding_woodlands_5x5_perimeter,
          nzn_winding_woodlands_5x5_open_star, nzn_winding_woodlands_5x15_pool,
          nzn_winding_woodlands_5x5_checkerboard], layout_layer_cave,
          mainiacjoe_overflow_alcove_1, mainiacjoe_overflow_tiny_flanked,
          zombieorc2_lemuel, grunt_ogre_cave
D:10:     layout_cross, serial_shops, shop, uniq_maurice
Temple:   dpeg_three_leaves_temple
Lair:1:   layout_cave_shapes, basic_altar, serial_bayou_shore_b,
          grunt_megastairs_5

Skill      XL: |  1  2  3  4  5  6  7  8  9 10 |
---------------+-------------------------------+-----
Stealth        | 3 |  3.6
Conjurations   | 2 3 4 5 |  5.0
Dodging        | 3 4 5 6 |  6.5
Fighting       | 1 2 3 |  3.9
Poison Magic   | 1 2 3 4 5 |  5.0
Fire Magic     | 1 2 3 4 5 |  5.0
Air Magic      | 1 2 3 4 |  4.5
Hexes          | 1 2 3 4 |  4.2
Summonings     | 2 3 4 |  4.0
Translocations | 2 3 |  3.7
Necromancy     | 1 2 3 |  3.6
Spellcasting   | 5 6 |  6.5
Ice Magic      | 1 2 3 4 |  4.7
Earth Magic    | 1 2 3 |  3.2
Invocations    | 1 |  1.1
Short Blades   | |  0.9
Armour         | |  0.6
Evocations     | |  0.4

Action                   |  1- 3 |  4- 6 |  7- 9 | 10-12 || total
-------------------------+-------+-------+-------+-------++-------
Melee: Long sword        |       |     4 |    23 |       ||    27
       Dagger            |       |     9 |   111 |    40 ||   160
       Punch             |       |       |     2 |     1 ||     3
 Cast: Magic Dart        |   117 |    73 |   191 |     4 ||   385
       Call Imp          |     8 |    28 |    54 |     6 ||    96
       Blink             |     1 |     2 |     3 |       ||     6
       Mephitic Cloud    |       |     2 |    21 |     6 ||    29
       Conjure Flame     |       |       |     3 |     2 ||     5
Evoke: Wand              |       |       |     3 |     3 ||     6
  Use: Potion            |       |     3 |       |       ||     3
       Scroll            |       |       |     2 |     2 ||     4
 Stab: Confused          |       |     1 |     3 |     4 ||     8
       Paralysed         |       |       |     4 |     4 ||     8
       Sleeping          |       |       |       |     1 ||     1
Armor: Robe              |     3 |    12 |    31 |    12 ||    58
Dodge: Dodged            |    18 |    43 |   132 |    32 ||   225

Table legend: (Time is in decaauts)
 A = Elapsed time spent in this place.
 B = Non-inter-level travel time spent in this place.
 C = Inter-level travel time spent in this place.
 D = Time resting spent in this place.
 E = Time spent auto-exploring this place.
 F = Levels seen in this place.
 G = Mean time per level.
                   A        B        C        D        E       F      G
               +--------+--------+--------+--------+--------+-----+--------+
         Total |  12034 |  10622 |   1412 |   1534 |   6694 |  12 | 1002.8 |
       Dungeon |  11723 |  10353 |   1370 |   1534 |   6523 |  10 | 1172.3 |
        Temple |    151 |    120 |     31 |      0 |    112 |   1 |  151.0 |
          Lair |    158 |    147 |     11 |      0 |     59 |   1 |  158.0 |
               +--------+--------+--------+--------+--------+-----+--------+

Top non-repeatable levels by time:
     D:5: 2351 daAuts
     D:7: 1842 daAuts
     D:1: 1727 daAuts
     D:8: 1390 daAuts
     D:6: 1305 daAuts
     D:4: 1107 daAuts
     D:3: 917 daAuts
     D:2: 914 daAuts
     D:9: 164 daAuts
  Lair:1: 158 daAuts
  Temple: 151 daAuts
    D:10: 1 daAuts
